 Dungeon Crawl Stone Soup version 0.27.1-34-g3ba077fa99 (webtiles) character file.

Game seed: 16670864999312666440

117 cbfl8 the Skirmisher (level 4, -1/44 HPs)
             Began as a Minotaur Wanderer on Jan 19, 2022.
             Slain by an orc (16 damage)
             ... on level 3 of the Dungeon.
             The game lasted 00:04:06 (2007 turns).

cbfl8 the Skirmisher (Minotaur Wanderer)            Turns: 2007, Time: 00:04:07

Health: -1/44      AC:  7    Str: 18    XL:     4   Next: 71%
Magic:  3/3        EV: 10    Int:  9    God:
Gold:   88         SH:  0    Dex:  9    Spells: 3/3 levels left

rFire    . . .     SeeInvis .   s - +3 dagger
rCold    . . .     Faith    +   (no shield)
rNeg     . . .     Spirit   .   m - +0 ring mail
rPois    .         Reflect  .   (helmet restricted)
rElec    .         Harm     .   (no cloak)
rCorr    .         Rampage  .   r - +0 pair of gloves
Will     .....                  (no boots)
Stlth    ..........             n - amulet of faith
HPRegen  0.14/turn              (no ring)
MPRegen  0.08/turn              (no ring)

@: no status effects
A: horns 2, retaliatory headbutt
a: no special abilities


You were on level 3 of the Dungeon.
You visited 1 branch of the dungeon, and saw 3 of its levels.

You collected 88 gold pieces.

Inventory:

Hand Weapons
 a - a +2 hand axe
 b - a +0 hand crossbow
 l - a +0 short sword
 s - a +3 dagger (weapon)
 w - a +0 dagger of speed
Missiles
 c - 27 bolts
Armour
 e - a +0 robe
 m - a +0 ring mail (worn)
 r - a +0 pair of gloves (worn)
 v - a +1 robe of fire resistance
Jewellery
 n - an amulet of faith (around neck)
 p - a ring of see invisible
Scrolls
 h - 2 scrolls of identify {unknown}
 o - a scroll of immolation {unknown}
 q - 2 scrolls of blinking {unknown}
 t - a scroll of summoning {unknown}
 u - 2 scrolls of teleportation {unknown}
Potions
 d - a potion of lignification
 f - a potion of mutation {unknown}
 g - a potion of resistance {unknown}
 i - 3 potions of heal wounds {unknown}
 j - a potion of brilliance {unknown}
 k - a potion of might {unknown}


   Skills:
 + Level 5.9 Fighting
 + Level 0.1 Short Blades
 + Level 2.5 Axes
 + Level 4.4 Armour
 + Level 1.4 Dodging
 + Level 0.1 Stealth
 + Level 2.8 Shields


You had 3 spell levels left.
You didn't know any spells.
Your spell library contained the following spells:

 Spells                   Type           Power      Damage    Failure   Level
 Corpse Rot               Necr/Air       N/A        N/A       71%         2
 Static Discharge         Conj/Air       0%         N/A       71%         2
 Ozocubu's Armour         Ice            0%         N/A       90%         3
 Dispel Undead            Necr           0%         3d6       100%        4
 Sticky Flame             Conj/Fire      0%         2d3       100%        4
 Death Channel            Necr           0%         N/A       100%        6
 Ozocubu's Refrigeration  Ice            0%         4d5       100%        7


Dungeon Overview and Level Annotations

Branches:
Dungeon (3/15)

Altars:

Shops:
D:1 (*?=


Innate Abilities, Weirdness & Mutations

You have a pair of horns on your head.
You reflexively headbutt those who attack you in melee.


Message History

You hit the orc.
The orc is severely wounded.
You feel sick. The orc barely misses you.
The orc priest mumbles some strange prayers to Beogh against you.
Beogh smites you!
Unknown command.
You hit the orc.
You kill the orc!
You feel sick.
Unknown command.
You closely miss the orc priest. You headbutt the orc priest!
The orc priest is heavily wounded.
You feel sick.
The orc priest hits you but does no damage.
Unknown command.
Unknown command.
You closely miss the orc priest. Your headbutt misses the orc priest.
The orc priest is heavily wounded.
You feel sick.
The orc priest hits you but does no damage.
Unknown command.
You hit the orc priest.
The orc priest is almost dead.
You feel sick.
The orc priest hits you but does no damage.
Unknown command.
You hit the orc priest.
You kill the orc priest!
You feel sick.
Unknown command.
You hit the orc.
The orc is moderately wounded.
You feel sick. The orc barely misses you.
Unknown command.
You hit the orc. Your headbutt misses the orc.
The orc is severely wounded.
You feel sick.
You are no longer poisoned.
The orc hits you but does no damage.
You are electrocuted!
You die...

#....# ... #.#.....
####....# #'# #.######
........# #.# #.#
###.....# #.# #.#
#.....########.#########.#
#........................#
#.....#####....###########
#.....# #....# #.....#
####@# #....># #o# #.....#
.o. ###.#.### #....
..#.#.# #..... ..#.#.#
#...... ..#.#.# #.......
..#.#.# #........
..#.#.######


You could see 2 orcs.

Vanquished Creatures
  An orc priest (D:3)
  Jessica (D:3)
  3 adders
  2 orcs (D:3)
  2 endoplasms (D:1)
  A giant cockroach (D:3)
  6 goblins
  2 hobgoblins (D:2)
  A ball python (D:2)
  7 bats
  2 frilled lizards
  4 kobolds
  4 rats
36 creatures vanquished.

Vanquished Creatures (others)
  A plant (D:1)
1 creature vanquished.

Grand Total: 37 creatures vanquished

Notes
Turn   | Place    | Note
-------+----------+-------------------------------------------
     0 | D:1      | cbfl8 the Minotaur Wanderer began the quest for the Orb.
     0 | D:1      | cbfl8 set off with the following items: a +2 hand axe, a +0
                  | hand crossbow, 27 bolts, a potion of lignification, a +0
                  | robe
     0 | D:1      | Reached XP level 1. HP: 22/22 MP: 0/0
   234 | D:1      | Found Iczifofu's Antique Weapon Boutique.
   238 | D:1      | Reached skill level 5 in Fighting
   342 | D:1      | Found Qehopim's Magic Scroll Boutique.
   377 | D:1      | Found Radivik's Assorted Antiques.
   451 | D:1      | Found Woywn's Jewellery Shoppe.
   672 | D:1      | Found a faded altar of an unknown god.
   694 | D:1      | Reached XP level 2. HP: 26/29 MP: 1/1
  1565 | D:3      | Reached XP level 3. HP: 36/36 MP: 2/2
  1724 | D:3      | Noticed Jessica
  1733 | D:3      | Killed Jessica
  1930 | D:3      | Reached skill level 1 in Dodging
  1930 | D:3      | Reached XP level 4. HP: 44/44 MP: 3/3
  2007 | D:3      | Slain by an orc

Illustrated notes

Levels and vault maps discovered:
D:1:      sevenhm_arrival_forest_fort_small_5, layout_loops_ring, serial_shops,
          nicolae_shop_overgrown_old_shop, shop, shop, shop,
          ebering_ecumenical_altar_abandoned
D:2:      layout_rooms
D:3:      layout_basic, uniq_jessica

Skill      XL: |  1  2  3 |
---------------+----------+-----
Fighting       | 5 |  5.9
Armour         | 4 |  4.4
Axes           | 2 |  2.5
Dodging        | 1 |  1.4
Short Blades   | |  0.1
Stealth        | |  0.1
Shields        | |  2.8

Action                   |  1- 3 |  4- 6 || total
-------------------------+-------+-------++-------
Melee: Hand axe          |    34 |       ||    34
       Headbutt          |     6 |     3 ||     9
       Dagger            |    24 |    13 ||    37
Armor: Ring mail         |    43 |     6 ||    49
       Robe              |     3 |       ||     3
Dodge: Dodged            |    61 |     3 ||    64
